Cogmind - Beta 15 @@@ ROGUE MODE // 2025.09.28 @ 02:49:39 Player: shapeshifter Result: Destroyed by as-99344 with Assembled Blade Performance ------------- Evolutions (0) 0 Regions Visited (2) 400 Robots Destroyed (11) 55 Value Destroyed (157) 157 Prototype IDs (0) 0 Alien Tech Used (0) 0 Bonus (0) 0 TOTAL SCORE: 612 Bonus ------- None Cogmind --------- Core Integrity 0/250 Matter 265/300 Energy 53/100 System Corruption 0% Temperature Cool (75) Movement Core (200) Ox3 Location -10/Mines Parts ------- > --- POWER (1) -------- (None) > --- PROPULSION (2) --- (None) > --- UTILITY (2) ------ Medium Storage Unit Structural Scanner > --- WEAPON (2) ------- (None) > --- INVENTORY (10) --- Huge Storage Unit High-capacity Battery (250) High-capacity Battery (250) Medium Matter Pod (100) Signal Interpreter Seismic Detector Beam Cannon Light Assault Rifle Grenade Launcher Mining Claw Peak State ------------ > --- POWER ------------ Light Ion Engine > --- PROPULSION ------- Compact Wheel Compact Wheel > --- UTILITY ---------- Medium Storage Unit Seismic Detector > --- WEAPON ----------- Medium Laser Small Laser > --- INVENTORY -------- Ion Engine Light Treads Light Treads Huge Storage Unit High-capacity Battery High-capacity Battery Medium Matter Pod Seismic Detector Beam Cannon Light Assault Rifle [Rating: 8] Favorites ----------- Power Light Ion Engine Engine Light Ion Engine Propulsion Compact Wheel Treads Light Treads Wheel Compact Wheel Utility Seismic Detector Device Seismic Detector Storage Huge Storage Unit Weapon Beam Cannon Energy Gun Medium Laser Energy Cannon Beam Cannon Build | -11 -10 -10 ------- Run | Yrd Mat Min Slots Evolved . | . . . Power . | . . . Propulsion . | . . . Utility . | . . . Weapon . | . . . Parts Attached 17 | 8 4 5 Power 2 | 1 . 1 Engine 2 | 1 . 1 Core . | . . . Reactor . | . . . Propulsion 4 | 3 . 1 Treads 2 | 1 . 1 Leg . | . . . Wheel 2 | 2 . . Hover . | . . . Flight . | . . . Utility 5 | 2 2 1 Device 2 | 1 . 1 Storage 3 | 1 2 . Processor . | . . . Hackware . | . . . Protection . | . . . Artifact . | . . . Weapon 6 | 2 2 2 Energy Gun 2 | 2 . . Energy Cannon 4 | . 2 2 Ballistic Gun . | . . . Ballistic Cannon . | . . . Launcher . | . . . Special Weapon . | . . . Impact Weapon . | . . . Slashing Weapon . | . . . Piercing Weapon . | . . . Special Melee Weapon . | . . . Unidentified Prototypes . | . . . Parts Lost 10 | . . 10 Power 2 | . . 2 Propulsion 3 | . . 3 Utility 1 | . . 1 Weapon 4 | . . 4 Highest Loss Streak 10 | . . 10 To Critical Strikes . | . . . Average Backups 10 | 5 11 13 Power . | . 1 . Propulsion 2 | 2 2 1 Utility 4 | . 4 6 Weapon 3 | 1 3 5 Tool/Special . | . . . Unused Backups 11 | . 2 9 Power . | . . . Propulsion 2 | . 2 . Utility 5 | . . 5 Weapon 4 | . . 4 Tool/Special . | . . . Average Slot Usage (%) 98 | . 99 95 Engine 13 | . 14 11 Treads 1 | . . 4 Wheel 26 | . 28 22 Device 13 | . 14 12 Storage 14 | . 14 14 Energy Gun 7 | . 10 . Energy Cannon 20 | . 17 28 Peak Build Rating 8 | 7 8 8 Average Rating 7 | 4 7 7 On Entrance 5 | . 7 8 Naked Turns . | . . . Heaviest Build 90 | 12 90 90 Greatest Support 40 | 32 32 40 Greatest Overweight (x) 5 | . 2 5 Average Overweight (x) 1 | . 1 2 Largest Inventory Capacity 25 | 8 25 25 Average Capacity 18 | 7 18 24 Most Carried 16 | 7 14 16 Average Carried 11 | 5 11 13 Final Capacity 25 | 8 25 10 Final Carried 14 | 7 14 10 Class Distribution -------------------- 100% | Mutant Dominant Class ---------------- Mutant | -10/Materials Mutant | -10/Mines Resources | -11 -10 -10 ----------- Run | Yrd Mat Min Matter Collected 420 | 241 143 36 Remotely . | . . . Salvage Created 273 | 39 143 91 Parts 22 | 7 13 2 Haulers Intercepted 1 | . 1 . Recyclers Shooed 2 | . 2 . Parts Field Recycled . | . . . Retrieved Matter . | . . . Parts Self-Destructed . | . . . Prevented . | . . . Kills | -11 -10 -10 ------- Run | Yrd Mat Min Combat Hostiles Destroyed 8 | . 6 2 Guns 3 | . 3 . Cannons 5 | . 3 2 Classes Destroyed 4 | 1 2 1 Tunneler 2 | 2 . . Hauler 1 | . 1 . Swarmer 6 | . 6 . Grunt 2 | . . 2 Best Kill Streak 4 | 1 4 2 Combat Bots Only 3 | . 3 2 Max Kills in Single Turn 1 | 1 1 1 Gunslinging . | . . . Exploded . | . . . Melee . | . . . Uniques/NPCs Destroyed . | . . . Combat | -11 -10 -10 -------- Run | Yrd Mat Min Hostile Shots Fired 67 | . 23 44 Missed 15 | . 6 9 Hits 52 | . 17 35 Melee 7 | . . 7 Projectile 45 | . 17 28 AOE 20 | . . 20 Critical Strikes 1 | . . 1 Damage Taken 1220 | . 140 1080 Core 284 | . 36 248 Absorbed by Shields . | . . . Core Remaining (%) 100 | 100 . . Volleys Fired 35 | 5 22 8 Largest 2 | 2 2 2 Hottest 120 | 90 120 120 Shots Fired 69 | 10 44 15 Gun 40 | 10 30 . Cannon 29 | . 14 15 Launcher . | . . . Special . | . . . Kinetic . | . . . Thermal 69 | 10 44 15 Explosive . | . . . Electromagnetic . | . . . Robot Hit Streak 8 | 7 6 8 Robot Miss Streak 4 | 1 4 2 Penetration Max . | . . . Secondary Targets . | . . . Shots Hit Robots 37 | 7 21 9 Core Hits 15 | 2 9 4 Critical Kills . | . . . Critical Parts Destroyed . | . . . Critical Strikes . | . . . Melee Attacks . | . . . Impact . | . . . Slashing . | . . . Piercing . | . . . Sneak Attacks . | . . . Combat Hostiles . | . . . Follow-up Attacks . | . . . Damage Inflicted 567 | 80 312 175 Guns 235 | 80 155 . Cannons 332 | . 157 175 Explosions . | . . . Melee . | . . . Ramming . | . . . Kinetic . | . . . Thermal 567 | 80 312 175 Explosive . | . . . Electromagnetic . | . . . Impact . | . . . Slashing . | . . . Piercing . | . . . Highest Corruption . | . . . Average Corruption . | . . . Corruption Purged . | . . . Corruption Blocked . | . . . Overload Shots . | . . . Overflow Damage . | . . . Projectiles . | . . . Explosions . | . . . Melee . | . . . Knockbacks . | . . . Impact . | . . . Kinetic . | . . . Secondary . | . . . Self-Inflicted Damage . | . . . Shots . | . . . Rammed . | . . . Targets Rammed . | . . . Kicked . | . . . Crushed . | . . . Highest Temperature 300 | 90 300 198 Average Temperature 87 | 41 97 85 Received Heat Transfer 36 | . . 36 Siege Activations . | . . . Martial Activations . | . . . Shielding Activations . | . . . Robots Disrupted . | . . . Combat Hostiles . | . . . Robots Corrupted . | . . . Combat Hostiles . | . . . Parts Fried . | . . . Impact Corruptions . | . . . Robots Melted . | . . . Combat Hostiles . | . . . Parts Melted 1 | . . 1 Heat Transferred 1311 | 211 730 370 Parts Sabotaged . | . . . Parts Stolen . | . . . Parts Stripped . | . . . Power Chain Reactions . | . . . Alert | -11 -10 -10 ------- Run | Yrd Mat Min Maximum Alert Level . | . . . Low Security (%) 100 | 100 100 100 Level 1 . | . . . Level 2 . | . . . Level 3 . | . . . Level 4 . | . . . Level 5 . | . . . High Security . | . . . Max Security . | . . . Peak Influence 97 | 5 97 43 Initial 3 | . 3 3 Average 32 | . 49 13 Influence Increases 253 | 10 193 50 Destroy 0b10 Robot/C 160 | . 120 40 Destroy 0b10 Robot/NC 15 | 10 5 . Destroy Leader 32 | . 22 10 Successful Hack 16 | . 16 . Lose Combat Pursuer 30 | . 30 . Influence Decreases 253 | 5 189 59 Entered New Map 8 | . 2 6 Time Decay 245 | 5 187 53 Squads Dispatched 1 | . 1 . Investigation . | . . . Extermination . | . . . Reinforcement 1 | . 1 . Assault . | . . . Garrison . | . . . Intercept . | . . . Searches Triggered . | . . . Construction Impeded . | . . . Haulers Reinforced . | . . . Active Scanning Responses . | . . . Cargo Convoy Interrupts . | . . . Stealth | -11 -10 -10 --------- Run | Yrd Mat Min Distress Signals 1 | . 1 . Communications Jammed . | . . . Distress Signals . | . . . Times Spotted 18 | . 10 8 Peak Tracking Total 4 | . 4 4 Tactical Retreats 1 | . 1 . Traps | -11 -10 -10 ------- Run | Yrd Mat Min Traps Triggered . | . . . Indirectly . | . . . Trap Hack Attempts . | . . . Triggered . | . . . Disarmed . | . . . Reprogrammed . | . . . Reused . | . . . Traps Extracted . | . . . Installed . | . . . Triggered . | . . . Machines | -11 -10 -10 ---------- Run | Yrd Mat Min Machines Disabled . | . . . Max in Single Turn . | . . . Machines Repaired . | . . . Machines Dismantled . | . . . Machines Sabotaged . | . . . Overloaded Fab Kills . | . . . Hacking | -11 -10 -10 --------- Run | Yrd Mat Min Machines Accessed 3 | . 3 . Terminals 3 | . 3 . Fabricators . | . . . Repair Stations . | . . . Recycling Units . | . . . Scanalyzers . | . . . Garrison Access . | . . . Total Hacks 13 | . 13 . Successful 7 | . 7 . Failed 6 | . 6 . Catastrophic . | . . . Database Lockouts . | . . . Manual 13 | . 13 . Terminals 13 | . 13 . Fabricators . | . . . Repair Stations . | . . . Recycling Units . | . . . Scanalyzers . | . . . Garrison Access . | . . . Terminal Hacks 1 | . 1 . Zone Layout 1 | . 1 . Fabricator Hacks . | . . . Repair Station Hacks . | . . . Recycling Unit Hacks . | . . . Scanalyzer . | . . . Garrison Access Hacks . | . . . Unauthorized Hacks 6 | . 6 . Terminals 6 | . 6 . Botnet 3 | . 3 . Skim 3 | . 3 . Fabricators . | . . . Repair Stations . | . . . Recycling Units . | . . . Scanalyzers . | . . . Garrison Access . | . . . Data Cores Recovered . | . . . Used . | . . . Hacking Detections 3 | . 3 . Full Trace Events . | . . . Feedback Events . | . . . Feedback Blocked . | . . . Robot Schematics Acquired . | . . . Robots Built . | . . . Authchips . | . . . Time . | . . . Total Robot Build Rating . | . . . Part Schematics Acquired . | . . . Parts Built . | . . . Authchips . | . . . Time . | . . . Total Part Build Rating . | . . . Parts Repaired . | . . . Time . | . . . Parts Recycled . | . . . Recycled Matter . | . . . Retrieved Matter . | . . . Retrieved Components . | . . . Parts Scanalyzed . | . . . Part Schematics Acquired . | . . . Parts Damaged . | . . . Bothacking | -11 -10 -10 ------------ Run | Yrd Mat Min Used RIF Installer . | . . . Robots Hacked . | . . . Non-combat . | . . . Combat . | . . . Robot Hacks Applied . | . . . Relay Couplers Released . | . . . Fabnet Peak Effective % . | . . . Robots Rewired . | . . . Allies Hacked . | . . . Hacks Repelled . | . . . Allies | -11 -10 -10 -------- Run | Yrd Mat Min Total Allies . | . . . Largest Group . | . . . Highest-Rated Group . | . . . Highest-Rated Ally . | . . . Total Orders . | . . . Ally Attacks . | . . . Total Damage . | . . . Kills . | . . . Allies Corrupted . | . . . Allies Melted . | . . . Intel | -11 -10 -10 ------- Run | Yrd Mat Min Active Infowar (turns) 610 | 22 411 177 Structural 24 | . . 24 Seismic 586 | 22 411 153 Robot Analysis Total . | . . . Derelict Logs Recovered 1 | . . 1 Drone Launches . | . . . Drone Recoveries . | . . . Exploration | -11 -10 -10 ------------- Run | Yrd Mat Min Turns Passed 697 | 93 411 193 Spaces Moved 429 | 68 251 110 Core 20 | 19 . 1 Treads 5 | . . 5 Legs . | . . . Wheels 404 | 49 251 104 Hover . | . . . Flight . | . . . Fastest Speed 50 | 50 100 130 Average Speed 118 | 86 118 138 Slowest Speed 320 | 100 130 320 Overloaded Moves . | . . . Propulsion Burnouts . | . . . Robots Hopped . | . . . Potential Cave-ins . | . . . Cave-ins Triggered . | . . . Exploration Rate (%) 26 | 4 39 36 Regions Visited 2 Branch Regions 1 Pre-discovered Areas 1 | . . 1 Known Exits Taken . | . . . Unknown Exits Taken 2 | 1 1 . Scrap Searched 1 | . . 1 Spaces Dug . | . . . Terrain Destroyed . | . . . Melee . | . . . Projectile . | . . . AOE . | . . . Terrain Rammed . | . . . Walls Destroyed . | . . . Machines Disabled . | . . . Actions | -11 -10 -10 --------- Run | Yrd Mat Min Total 550 | 91 323 136 Wait 41 | . 32 9 Move 427 | 67 250 110 Hop . | . . . Pick Up 22 | 10 10 2 Fast Attach 5 | 4 1 . Attach 11 | 4 1 6 Detach 1 | 1 . . Swap 3 | . 2 1 Drop 5 | . 5 . Fire 35 | 5 22 8 Melee . | . . . Ram . | . . . Kick . | . . . Crush . | . . . Escape Stasis . | . . . Rewire . | . . . Trap . | . . . Miscellaneous . | . . . Route ------- -11/Scrapyard -10/Materials -10/Mines History --------- Turn | Location | Event 27 | -11/Scrapyard | Discovered new exit (range 14) 94 | -11/Scrapyard | Entered Materials 272 | -10/Materials | Discovered new exit (range 11) 314 | -10/Materials | Build established: Mutant 505 | -10/Materials | Entered Mines 640 | -10/Mines | Assembled infested the area 640 | -10/Mines | Learned location of Zion (-6) 645 | -10/Mines | Assisted by a Guerilla fighting off Assembled 667 | -10/Mines | Core integrity fell below 50% 695 | -10/Mines | Core integrity fell below 20% 698 | -10/Mines | Destroyed by as-99344 with Assembled Blade Last Messages --------------- 00656_ T-07 Excavator destroyed. 00656_ Com. Wheel destroyed. 00658_ Seismic Detector destroyed. 00663_ Beam Cannon destroyed. 00665_ The unstable cave ceiling collapses. 00668_ Lgt. Ion Engine destroyed. 00672_ Beam Cannon destroyed. 00672_ D-53 Grenadier destroyed. 00676_ The unstable cave ceiling collapses. 00676_ Ion Engine destroyed. 00680_ The unstable cave ceiling collapses. 00682_ D-53 Grenadier destroyed. 00687_ The unstable cave ceiling collapses. 00690_ Lgt. Treads destroyed. 00692_ Lgt. Treads severed. 00693_ Beam Cannon destroyed. 00694_ The unstable cave ceiling collapses. 00695_ U-05 Engineer lays Concrete. 00696_ Beam Cannon destroyed. 00698_ The unstable cave ceiling collapses. Map ----- +----------------------------------------------------+ | | | | | | | | | | | | | | | | | | | ?????????????????????????????????????????????????? | | ?????????????????????????????????????????????????? | | ?????????????????????????????????????????????????? | | ?????????????????????????????????????????????????? | | ?????????????????????????????????????????????????? | | ##???????????????????????????????????????????????? | | ##??????????????????????????????#####???????????? | | #??????????????????????????????#####???????????? | | #??????????????????????????#### ##???????????? | | #???####???????????????????#### ##???????????? | | ##??## ##??????????########## #???????????? | | ???## ##???????########### ????????????????? | | ?### ##?????##### ??????????????????? | | ## ##????### ???????????????????? | | # ##???## # ###???????????????????? | | ###?## a ###??????????????????? | | #### a@ ###??????????????????? | | ### r ###?????????????????? | | ### ##?????????????????? | | # #### ##?????????????????? | | ### #### ###?????????????????? | | ??## #### ####?????????????????? | | ???## ##### ##### # #??????????????????? | | ????## ##???## # u ???????????????????? | | #????# ????#!%# ##?????????????????? | | #???####????# =# r## ###?????????????????? | | #??????# ### # ### ##?????????????????? | | #?????# # ### # a ##?????????????????? | | #?????##### ####### ###?????????????????? | | #?????????# ####### a ##?????????????????? | | #?????????#######????#### #?????????????????? | | ??????????????????????### #????????????????? | | #???????????????????????????? ???????????????? | | ????????????????????????????? ????????????????? | | ?????????????????????????????? ????????????????? | | ?????????????????????????????????????????????????? | | ?????????????????????????????????????????????????? | | ?????????????????????????????????????????????????? | | ?????????????????????????????????????????????????? | | ?????????????????????????????????????????????????? | | ?????????????????????????????????????????????????? | +----------------------------------------------------+ Best States ------------- Heat Dissipation 25 Energy Generation 10 Energy Capacity 125 Matter Stores 300 Matter Capacity 300 Sight Range 16 Terrain Scan Density 10 Evasion (%) 50 Recoil Reduction 2 Item Schematics ----------------- None Robot Schematics ------------------ None Fabricated ------------ Nothing Repaired ---------- Nothing Alien Tech Used ----------------- None Achievements -------------- None Challenges ------------ None Game ------ Seed JunkBladeCycler Manual? 0 Play Time 00:05:43 Cumulative 329.7 hours Start 2025.09.28 @ 02:45:11 End 2025.09.28 @ 02:49:39 Sessions 1 Manual Loads 0 Difficulty Rogue Special Mode None Game No. 444 Rogue 444 Adventurer 0 Explorer 0 Win Type - Total 11 Types 6/0/1/2/1/0/1/0/0/0 Lore% 86 Gallery% 82 Achievement% 67 Wizard Run 0 Options --------- Layout 0 ASCII 0 Keyboard 0 Movement Mouse Keybinds 0 Fullscreen 1 Font 24/Tamsyn Map View 76x50 Zoom Use 0% Tactical HUD 1 Map Filters NONE Filters NONE Steam 1 RUN: 45567d41-4d96-4b0d-bde0-8562d5be230a